Map: Romanticide LE

Players

SayNoToStim

  • Race: Terran Terran
  • Spawn Location: 5:00

Heeebster - Winner!

  • Race: Protoss Protoss
  • League: Diamond
  • Spawn Location: 11:00

VOD

Have the link to the VOD?

Description

Time

  • Played on: Nov. 15, 2020, 1:57 p.m.
  • Length: 5:24
Show
View Real Time Build Order
Export as new Build Order

SayNoToStim Terran 

Build Orders: Liberator Opening, Reaper Expand 

Get SALT Encoding   

  12  0:01  SCV  
  13  0:13  SCV  
  14  0:17  Supply Depot  
  14  0:25  SCV  
  15  0:38  SCV  
  15  0:40  Barracks  
  16  0:44  Refinery  
  16  0:51  SCV  
  17  1:03  SCV  
  18  1:15  SCV  
  19  1:27  Orbital Command  
  19  1:29  Reaper  
  20  1:40  Command Center  
  20  1:51  Supply Depot  
  20  1:54  SCV  
  21  2:01  Barracks Reactor  
  21  2:06  SCV  
  22  2:09  Refinery  
  22  2:18  SCV  
  22  2:20  Bunker  
  22  2:21  Factory  
  23  2:30  SCV  
  24  2:38  Marine x2  
  24  2:42  SCV  
  27  2:52  Barracks  
  27  2:53  Orbital Command  
  27  2:54  SCV  
  28  3:00  Marine x2  
  30  3:06  SCV  
  30  3:07  Widow Mine  
  33  3:16  Starport  
  33  3:18  SCV  
  34  3:20  Marine x2  
  36  3:28  SCV  
  36  3:30  SCV  
  36  3:32  Widow Mine  
  40  3:39  Marine x2  
  40  3:40  SCV, Barracks Tech Lab  
  43  3:43  SCV  
  43  3:47  Supply Depot  
  44  3:52  SCV  
  44  3:55  SCV  
  46  4:08  SCV, Marine x2, Liberator  
  46  4:09  Marauder  
  54  4:20  Engineering Bay  
  54  4:37  Supply Depot x2  
  54  4:39  Factory Tech Lab  
  54  4:40  Barracks  
  54  4:41  Barracks  
  54  4:43  Marine  
  54  4:44  SCV, Marine  
  54  4:45  Marine  
  50  4:56  SCV  
  47  5:01  Marine  
  47  5:02  Marine  
  47  5:03  Marine  
Show
View Real Time Build Order
Export as new Build Order

Heeebster Protoss - Winner!

Build Orders: Blink Stalkers 

Get SALT Encoding   

  12  0:00  Probe  
  13  0:16  Probe (Chrono Boost), Pylon  
  14  0:26  Probe (Chrono Boost)  
  15  0:34  Gateway  
  15  0:38  Probe  
  16  0:47  Assimilator  
  16  0:50  Probe  
  16  0:53  Assimilator  
  17  1:02  Probe  
  18  1:15  Probe  
  19  1:22  Cybernetics Core  
  19  1:27  Probe  
  19  1:31  Pylon  
  20  1:39  Probe  
  21  1:51  Probe  
  22  1:55  Warp Gate (Chrono Boost)  
  22  1:58  Stalker (Chrono Boost)  
  22  2:01  Twilight Council  
  24  2:03  Probe  
  25  2:25  Nexus  
  25  2:31  Blink (Chrono Boost)  
  25  2:51  Gateway  
  24  3:02  Gateway  
  24  3:05  Gateway  
  24  3:11  Probe  
  25  3:38  Pylon  
  25  3:43  Probe  
  26  3:59  Stalker x4  
  34  4:23  Stalker x3  
  40  4:24  Stalker  
  40  4:27  Probe (Chrono Boost)  
  43  4:37  Probe (Chrono Boost)  
  42  4:51  Stalker x2  
  42  5:05  Stalker x2  
  46  5:22  Stalker x2  
Tags
 
Add a new tag
Caveats
  • Supply blocks, unpowered buildings, or Contaminate may cause inaccurate times.
  • Supply counts are checked every 10 seconds.